 Dungeon Crawl Stone Soup version 0.30-b1-2-g02819fbbbe (webtiles) character file.

Game seed: 4502885786625720314

12726 Fartwhistle the Fighter (level 11, 0/119 HPs)
             Began as a Troll Transmuter on Aug 30, 2023.
             Was a High Priest of Cheibriados.
             Slain by a black mamba (8 damage)
             ... on level 2 of the Lair of Beasts.
             The game lasted 00:32:05 (9084 turns).

Fartwhistle the Fighter (Troll Transmuter)          Turns: 9084, Time: 00:32:06

Health: 0/119      AC:  9    Str: 31    XL:     11   Next: 66%
Magic:  0/24       EV: 12    Int: 24    God:    Cheibriados [*****.]
Gold:   642        SH:  0    Dex: 21    Spells: 2/12 levels left

rFire   + .          .
                       - Unarmed
rCold   . . .        (no shield)
rNeg    . . .        t - +0 robe {rF+}
rPois   .            (helmet restricted)
rElec   .            o - +0 cloak
rCorr   .            (gloves unavailable)
SInv    .            (boots unavailable)
Will    .....        a - amulet of guardian spirit
Stlth   ++           s - ring of magical power
HPRegen 1.19/turn    u - +4 ring of protection
MPRegen 0.19/turn

%: guardian spirit
@: lethally poisoned (0 -> -21), very slow
A: large, unfitting armour, claws 3, regeneration 1, shaggy fur 1, tough skin 1
a: Renounce Religion, Bend Time, Temporal Distortion, Slouch, Step From Time


You were on level 2 of the Lair of Beasts.
You worshipped Cheibriados.
Cheibriados was extremely pleased with you.
You visited 3 branches of the dungeon, and saw 12 of its levels.
You also visited: Bailey.

You collected 642 gold pieces.

Inventory:

Hand Weapons
 z - the +2 sling of Nurier {heavy, rC+ rCorr}
   (You found it in a bailey)

   rC:        It protects you from cold.
   rCorr:     It protects you from acid and corrosion.
Missiles
 j - 4 large rocks
Armour
 o - a +0 cloak (worn)
 t - a +0 robe of fire resistance (worn)
 v - +0 steam dragon scales
Magical Staves
 i - a staff of air
Jewellery
 a - an amulet of guardian spirit (around neck)
 s - a ring of magical power (left claw)
 u - a +4 ring of protection (right claw)
Wands
 w - a wand of polymorph (5)
 x - a wand of paralysis (11)
 D - a wand of mindburst (8)
 E - a wand of flame (15)
Scrolls
 b - a scroll of fear
 d - 8 scrolls of teleportation
 e - 2 scrolls of vulnerability
 f - 4 scrolls of immolation
 h - 2 scrolls of amnesia
 k - a scroll of enchant weapon {unknown}
 p - a scroll of brand weapon
 r - 2 scrolls of fog
 y - 4 scrolls of enchant armour
 A - a scroll of poison {unknown}
 C - a scroll of summoning
 F - a scroll of noise {unknown}
Potions
 g - 2 potions of cancellation
 l - a potion of ambrosia
 m - 7 potions of curing
 n - a potion of brilliance
Miscellaneous
 c - a phial of floods


   Skills:
 - Level 10.4 Fighting
 - Level 4.6 Dodging
 - Level 8.7 Unarmed Combat
 - Level 1.2 Spellcasting
 - Level 2.0 Translocations
 + Level 4.3 Transmutations
 + Level 6.7 Invocations
 - Level 3.0 Evocations


You had 2 spell levels left.
You knew the following spells:

 Your Spells              Type           Power      Damage    Failure   Level
a - Beastly Appendage     Tmut           44%        N/A       2%          1
b - Wereblood             Tmut           22%        N/A       3%          2
c - Blink                 Tloc           22%        N/A       9%          2
d - Foxfire               Conj/Fire      4%         2x1d4     13%         1
e - Ice Form              Ice/Tmut       11%        N/A       47%         4

Your spell library contained the following spells:

 Spells                   Type           Power      Damage    Failure   Level
 Lesser Beckoning         Tloc           22%        N/A       9%          2
 Passwall                 Tmut/Erth      9%         N/A       9%          2
 Kiss of Death            Conj/Necr      4%         2d5       13%         1
 Sandblast                Erth           2%         2d4       13%         1
 Momentum Strike          Conj/Tloc      12%        3d8       13%         2
 Spider Form              Tmut/Pois      11%        N/A       16%         3
 Portal Projectile        Hex/Tloc       12%        N/A       26%         3
 Stone Arrow              Conj/Erth      2%         3d7       36%         3
 Tukima's Dance           Hex            1%         N/A       36%         3
 Blade Hands              Tmut           11%        N/A       52%         5
 Iskenderun's Battlesphe  Conj           1%         2d6       98%         5
 Fire Storm               Conj/Fire      0%         6d1       100%        9


Dungeon Overview and Level Annotations

Branches:
Dungeon (9/15)             Temple (1/1) D:4            Lair (2/5) D:8
 Bailey (visited)
  Swamp: Lair:2-3    Shoals: Lair:2-3     Snake: Lair:2-3    Spider: Lair:2-3
    Orc: D:9-12

Altars:
Ashenzari
Cheibriados
Dithmenos
Elyvilon
Fedhas
Gozag
Hepliaklqana
Kikubaaqudgha
Makhleb
Nemelex Xobeh
Okawaru
Qazlal
Ru
Trog
Uskayaw
Vehumet
Wu Jian
Xom
Yredelemnul
Zin
The Shining One

Annotations:
D:6 1 exclusion
Lair:1 exclusion: oklob plant


Innate Abilities, Weirdness & Mutations

You are too large for most types of armour.
You have claws for hands.
Your natural rate of healing is unusually fast.
You are covered in fur. (AC +1)
You have tough skin. (AC +1)


Message History

You feel very sick. The wolf bites you! The black mamba closely misses you.
The wolf barely misses you. The wolf bites you.
The black mamba barely misses you. The wolf bites you but does no damage.
You scratch the black mamba.
The black mamba is severely wounded.
You feel sick. The wolf closely misses you. The black mamba bites you!
The wolf bites you but does no damage.
You are too injured to fight recklessly!
The wolf attacks as you move away! The wolf bites you but does no damage.
You feel very sick. The black mamba barely misses you.
The black mamba bites you!
You are more poisoned.
The black mamba poisons you! The wolf closely misses you.
You see here a wolf corpse.
You completely miss the black mamba.
The black mamba is severely wounded.
You feel very sick. The black mamba bites you!
* * * LOW HITPOINT WARNING * * *
The wolf bites you but does no damage. The black mamba bites you!
* * * LOW HITPOINT WARNING * * *
You are lethally poisoned!
The black mamba poisons you! The wolf bites you.
* * * LOW HITPOINT WARNING * * *
Okay, then.
Okay, then.
Aiming: Corrosive Bolt
Press: ? - help, Shift-Dir - straight line, f - black mamba
Aim: a black mamba (severely wounded, 57% to hit)
The bolt of acid misses the black mamba.
The bolt of acid hits the wolf!!
The wolf is almost dead.
The now-empty wand crumbles to dust.
* * * LOW HITPOINT WARNING * * *
You feel very sick. The black mamba bites you!
* * * LOW HITPOINT WARNING * * *
The wolf misses you. The black mamba bites you!
You die...

#.# #. #.# #.. ####.##
#~# ##..### #.#'..# #.# #
....... ###.....# #.. ##
....... ##.'.....##..###.
.......##†.#......##.#...
......†#P..#.......#.#...
......hS@..........#.#.#.
.......h###...........##.
.......#.#.#........####.
....... ####........# ##
....... #.##+..#..#
#..#### ## #..#.### ##.
##..<# . #####P.+###
#.........#####


You could see a black mamba and 2 wolves.

Vanquished Creatures
  An orc knight (Bailey)
  Pikel (D:4)
  A torpor snail (Lair:2)
  3 cane toads (Lair:1)
  Maggie (D:9)
  Psyche (D:8)
  An unseen horror (D:8)
  4 komodo dragons (Lair:1)
  A troll (D:9)
  3 wyverns
  A shadow (D:9)
  14 yaks
  A basilisk (Lair:1)
  2 vampire mosquitoes (D:8)
  3 wargs (D:8)
  A water moccasin (Lair:1)
  Duvessa (D:7)
  14 orc warriors
  An ice beast (D:4)
  2 black bears
  A sky beast (D:6)
  4 ogres
  3 wolves (Lair:2)
  2 phantoms (D:6)
  2 lemures
  4 bullfrogs
  A kobold brigand (D:9)
  3 scorpions
  3 wights (D:8)
  Dowan (D:7)
  4 killer bees (D:8)
  3 howler monkeys
  A crimson imp (D:5)
  5 hounds
  2 jellies
  A gnoll bouda (D:5)
  An orc priest (D:8)
  5 iguanas
  Terence (D:2)
  14 orc wizards
  10 gnolls
  14 adders
  A white imp (D:7)
  An ufetubus (D:6)
  3 worms
  2 dart slugs
  47 orcs
  3 bats
  10 endoplasms
  4 giant cockroaches
  8 goblins
  7 hobgoblins
  9 kobolds
  3 quokkas
  6 ball pythons
  A frilled lizard (D:2)
  6 rats
253 creatures vanquished.

Vanquished Creatures (others)
  Erica (D:9)
  36 foxfires
  2 fungi (Lair:2)
  4 plants (D:8)
43 creatures vanquished.

Grand Total: 296 creatures vanquished

Notes
Turn   | Place    | Note
-------+----------+-------------------------------------------
     0 | D:1      | Fartwhistle the Troll Transmuter began the quest for the
                  | Orb.
     0 | D:1      | Reached XP level 1. HP: 18/18 MP: 1/1
    58 | D:1      | Reached skill level 1 in Fighting
   132 | D:1      | Reached XP level 2. HP: 28/28 MP: 2/2
   306 | D:1      | Reached skill level 2 in Fighting
   765 | D:2      | Noticed Terence
   778 | D:2      | Killed Terence
   779 | D:2      | Reached XP level 3. HP: 30/36 MP: 1/3
   787 | D:2      | Reached skill level 3 in Fighting
   877 | D:2      | Found an ancient bone altar of Kikubaaqudgha.
   945 | D:2      | Reached XP level 4. HP: 45/45 MP: 4/4
  1498 | D:3      | Found a sacrificial altar of Ru.
  1602 | D:3      | Found a hide-covered altar of Uskayaw.
  1679 | D:3      | Reached skill level 4 in Fighting
  1768 | D:3      | Reached XP level 5. HP: 49/54 MP: 5/5
  2111 | D:3      | Learned a level 2 spell: Wereblood
  2344 | D:4      | Reached XP level 6. HP: 38/62 MP: 6/6
  2366 | D:4      | Found a staircase to the Ecumenical Temple.
  2373 | Temple   | Entered the Ecumenical Temple
  2446 | Temple   | Became a worshipper of Cheibriados the Contemplative
  2497 | D:4      | HP: 4/93 [gnoll/+1 halberd of venom (8)]
  2662 | D:4      | Noticed Pikel
  2674 | D:4      | Killed Pikel
  2675 | D:4      | Reached XP level 7. HP: 44/70 MP: 5/7
  2949 | D:4      | Found a stormy altar of Qazlal.
  3195 | D:5      | Entered Level 5 of the Dungeon
  3207 | D:4      | Reached skill level 1 in Invocations
  3292 | D:5      | Reached * piety under Cheibriados
  3293 | D:5      | Reached XP level 8. HP: 65/78 MP: 5/8
  3436 | D:5      | Found a broken altar of Ashenzari.
  3436 | D:5      | Found a bloodstained altar of Trog.
  3589 | D:5      | Reached skill level 5 in Fighting
  3761 | D:5      | Found a burning altar of Makhleb.
  3762 | D:5      | Found a radiant altar of Vehumet.
  3844 | D:6      | Reached skill level 5 in Unarmed Combat
  3963 | D:6      | Reached ** piety under Cheibriados
  4108 | D:6      | Found a basalt altar of Yredelemnul.
  4116 | D:6      | Reached skill level 6 in Fighting
  4116 | D:6      | Reached XP level 9. HP: 87/89 MP: 7/9
  4119 | D:6      | Learned a level 2 spell: Blink
  4350 | D:6      | Reached skill level 1 in Translocations
  4913 | D:7      | Noticed Duvessa
  4921 | D:7      | Killed Duvessa
  4921 | D:7      | Reached *** piety under Cheibriados
  4925 | D:7      | Noticed Dowan
  4934 | D:7      | Killed Dowan
  5230 | D:7      | You fall into a shaft and drop 2 floors!
  5264 | D:9      | Got Vehumet's Catalogue of Trauma
  5310 | D:9      | Noticed Maggie
  5321 | D:9      | Killed Maggie
  5430 | D:9      | Reached skill level 7 in Fighting
  5431 | D:9      | Reached XP level 10. HP: 102/102 MP: 12/12
  5455 | D:9      | Found an ancient bone altar of Kikubaaqudgha.
  5522 | D:9      | Found a flagged portal.
  5526 | D:9      | Reached **** piety under Cheibriados
  5536 | Bailey   | Entered a bailey
  5618 | Bailey   | Reached skill level 5 in Invocations
  5669 | Bailey   | Reached skill level 1 in Evocations
  5823 | Bailey   | Learned a level 1 spell: Foxfire
  6100 | Bailey   | Noticed an orc knight
  6109 | Bailey   | Killed an orc knight
  6110 | Bailey   | Reached skill level 8 in Fighting
  6116 | Bailey   | Identified the +2 sling of Nurier {heavy, rC+ rCorr}
  6284 | D:9      | Found an iron altar of Okawaru.
  6488 | D:9      | Noticed Erica
  6503 | D:9      | Killed Erica
  6504 | D:9      | Reached skill level 9 in Fighting
  6828 | D:8      | Found a shadowy altar of Dithmenos.
  6959 | D:8      | Reached XP level 11. HP: 71/110 MP: 4/13
  7126 | D:8      | Found a staircase to the Lair.
  7231 | D:8      | Noticed Psyche
  7244 | D:8      | Killed Psyche
  7938 | Lair:1   | Entered Level 1 of the Lair of Beasts
  7942 | Lair:1   | Noticed an oklob plant
  8055 | Lair:1   | Reached skill level 10 in Fighting
  8307 | Lair:1   | Reached ***** piety under Cheibriados
  8931 | Lair:1   | Learned a level 4 spell: Ice Form
  9084 | Lair:2   | Slain by a black mamba

Illustrated notes

Levels and vault maps discovered:
D:1:      dpeg_arrival_pond, layout_basic
D:2:      layout_loops_ring, basic_altar, dreamdust_princess_corridor,
          chequers_serial_rivers_micro_a, uniq_terence
D:3:      layout_basic, nicolae_overflow_crystal_walls, lemuel_crystal_altar,
          chequers_mini_garden
D:4:      layout_loops_ring, kennysheep_little_box, minmay_temple_entry_wispy,
          uniq_pikel
D:5:      layout_gridville, grunt_temple_overflow_lords_of_destruction,
          gammafunk_temple_overflow_wave
D:6:      layout_gridville, tgw_sif, old_standard_altar,
          minmay_a_box_with_orc_wizards_in_it
D:7:      layout_gridville, chequers_serial_rivers_room_a,
          minmay_misc_feat_cross, uniq_duvessa
D:8:      layout_basic, mainiacjoe_overflow_chevrons, erik_lair_orcish_takeover,
          uniq_psyche
D:9:      layout_roguey, amcnicky_altar_gilded, lemuel_crystal_altar,
          enter_bailey_4, uniq_erica, uniq_maggie
Temple:   cyrus_temple_forest
Lair:1:   layout_misc_corridors, minmay_lair_oklob_bushes,
          chequers_serial_rivers_room_a, beast_lair_carwin_7, grunt_megastairs_4
Lair:2:   layout_roguey, minmay_shoals_entry_hut,
          chequers_serial_rivers_small_3, kennysheep_snail_temple

Skill      XL: |  1  2  3  4  5  6  7  8  9 10 11 |
---------------+----------------------------------+-----
Fighting       | 1 2 3 4 6 7 9 10 | 10.4
Dodging        | 2 4 |  4.6
Transmutations | 2 3 4 |  4.3
Invocations    | 1 4 5 6 |  6.7
Unarmed Combat | 6 7 8 |  8.7
Translocations | 2 |  2.0
Evocations     | 3 |  3.0
Spellcasting   | |  1.2

Action                     |  1- 3 |  4- 6 |  7- 9 | 10-12 || total
---------------------------+-------+-------+-------+-------++-------
  Melee: Unarmed           |    72 |   122 |   273 |   303 ||   770
         Punch             |     1 |     4 |     9 |    10 ||    24
         Headbutt          |       |     4 |    28 |    30 ||    62
         Kick              |       |     9 |    46 |    48 ||   103
  Throw: Large rock        |       |     3 |       |       ||     3
   Cast: Beastly Appendage |     1 |     6 |    25 |    22 ||    54
         Wereblood         |       |       |     2 |     3 ||     5
         Foxfire           |       |       |       |    20 ||    20
 Invoke: Slouch            |       |       |       |     3 ||     3
  Evoke: Wand              |       |       |     2 |     4 ||     6
    Use: Scroll            |       |     7 |     3 |     3 ||    13
         Potion            |       |     2 |       |       ||     2
   Stab: Sleeping          |     1 |       |     1 |     2 ||     4
         Paralysed         |       |       |       |     1 ||     1
 Armour: Robe              |    14 |    25 |    78 |   115 ||   232
         Skin              |       |     3 |       |       ||     3
  Dodge: Dodged            |    32 |    40 |   128 |   200 ||   400
